 Dungeon Crawl Stone Soup version 0.22-a0-248-gc8378ba (webtiles) character file.

73098 KristoblXynda the Summoner (level 15, -3/145 HPs)
             Began as a White Draconian Summoner on Feb 28, 2018.
             Was a High Priest of Sif Muna.
             Slain by a wolf spider (19 damage)
             ... on level 2 of the Lair of Beasts.
             The game lasted 02:02:03 (43125 turns).

KristoblXynda the Summoner (DrSu)                  Turns: 43125, Time: 02:02:04

Health: -3/145     AC: 19    Str:  9 (10) XL:     15   Next: 3%
Magic:  2/34       EV: 18    Int: 24 (25) God:    Sif Muna [*****.]
Gold:   385        SH:  0    Dex: 17 (19) Spells: 13/38 levels left

rFire    + . .     SeeInvis .   d - +5 dagger (flame)
rCold    + . .     Gourm    .   J - +0 buckler {AC+3}
rNeg     . . .     Faith    .   (armour unavailable)
rPois    .         Spirit   .   (helmet restricted)
rElec    .         Reflect  +   k - +1 cloak
rCorr    .         Harm     .   F - +1 pair of gloves
MR       +....                  c - +2 pair of boots
Stlth    +.........             K - +2 amulet of reflection
HPRegen  0.34/turn              u - +3 ring of intelligence
MPRegen  0.24/turn              t - +5 ring of dexterity

@: confused, lethally poisoned (-3 -> -32)
A: breathe frost, unfitting armour, big wings, agile 1, cold resistance 1, fire
resistance 1, high mp 1, robust 2, evolution 2, cold-blooded, AC +9
a: Breathe Frost, Fly, Divine Energy, Channel Magic, Forget Spell, Renounce
Religion


You were on level 2 of the Lair of Beasts.
You worshipped Sif Muna.
Sif Muna was extremely pleased with you.
You were very hungry.

You visited 5 branches of the dungeon, and saw 25 of its levels.

You collected 2581 gold pieces.
You spent 2196 gold pieces at shops.

Inventory:

Hand Weapons
 d - a +5 dagger of flaming (weapon)
Missiles
 B - a throwing net (quivered)
Armour
 c - a +2 pair of boots (worn)
 k - a +1 cloak (worn)
 F - a +1 pair of gloves (worn)
 J - a +0 buckler of protection (worn)
Jewellery
 t - a +5 ring of dexterity (right hand)
 u - a +3 ring of intelligence (left hand)
 K - a +2 amulet of reflection (around neck)
Wands
 w - a wand of paralysis (12)
 I - a wand of iceblast (4)
Scrolls
 f - 2 scrolls of enchant armour
 g - 14 scrolls of remove curse
 h - a scroll of immolation
 j - 3 scrolls of amnesia
 o - 5 scrolls of identify
 r - 2 scrolls of teleportation
 C - 3 scrolls of magic mapping
Potions
 b - 3 potions of resistance
 e - 2 potions of mutation
 i - 4 potions of haste
 l - a potion of might
 n - a potion of magic
 q - 3 potions of brilliance
 x - a potion of cancellation
 A - 2 potions of invisibility
Miscellaneous
 m - a box of beasts
 s - a sack of spiders
 G - a phial of floods (inert)
Comestibles
 a - 4 rations


   Skills:
 - Level 8.0 Fighting
 - Level 6.0 Short Blades
 - Level 8.0 Dodging
 - Level 6.0 Stealth
 - Level 7.1 Shields
 + Level 12.2 Spellcasting
 - Level 8.0 Hexes
 + Level 14.1 Summonings
 + Level 4.5 Ice Magic
 - Level 5.0 Invocations
 - Level 5.0 Evocations


You had 13 spell levels left.
You knew the following spells:

 Your Spells              Type           Power        Failure   Level  Hunger
a - Summon Lightning Spi  Summ/Air       #####...     2%          4    None
b - Monstrous Menagerie   Summ           ######....   11%         7    ######.
c - Confuse               Hex            ######..     1%          3    None
d - Summon Forest         Summ/Tloc      #####.....   6%          5    ###....
e - Freezing Cloud        Conj/Ice/Air   ###.......   98%         6    #####..


Dungeon Overview and Level Annotations

Branches:
Dungeon (15/15)            Temple (1/1) D:6            Lair (6/6) D:11
 Shoals (0/4) Lair:3       Spider (1/4) Lair:2        Slime (0/5) Lair:6
    Orc (2/2) D:11            Elf (0/3) Orc:2        Vaults (0/5) D:14
 Depths (0/5) D:15

Altars:
Ashenzari
Cheibriados
Dithmenos
Elyvilon
Fedhas
Gozag
Hepliaklqana
Kikubaaqudgha
Makhleb
Nemelex Xobeh
Okawaru
Qazlal
Ru
Sif Muna
Trog
Uskayaw
Vehumet
Wu Jian
Xom
Yredelemnul
Zin
The Shining One
Beogh
Jiyva

Shops:
D:5 !%(   Orc:2 [!:?

Portals:
Trove: D:15 (give +5 ice dragon scales)

Annotations:
D:4 exclusion: statue


Innate Abilities, Weirdness & Mutations

You can breathe waves of freezing cold.
You can buffet flying creatures when you breathe cold.
Your icy white scales are hard. (AC +9)
You cannot fit into any form of body armour.
Your flesh is cold resistant. (rC+)
You are cold-blooded and may be slowed by cold attacks.
Your large and strong wings let you fly indefinitely.
You are agile. (Dex +2)
Your flesh is heat resistant. (rF+)
You have an increased reservoir of magic. (+10% MP)
You are very robust. (+20% HP)
You rapidly evolve.


Message History

* * * LOW HITPOINT WARNING * * *
You feel very sick. The tarantella misses you.
Your black mamba bites the wolf spider.
The wolf spider hits your black mamba! The wolf spider bites your black mamba.
The tarantella closely misses you.
Your black mamba closely misses the wolf spider.
Unknown command.
* * * LOW HITPOINT WARNING * * *
You feel very sick. The wolf spider hits your black mamba!!
The wolf spider barely misses your black mamba.
Your black mamba bites the wolf spider but does no damage.
The tarantella bites you but does no damage.
The wolf spider hits your black mamba!!
Your black mamba dies!
Your black mamba's corpse dissolves into shadows!
* * * LOW HITPOINT WARNING * * *
You feel very sick.
The tarantella misses you. x2; The wolf spider hits you!!
You die...

### #####P##
######≈#....##
#≈.≈≈≈.≈≈≈...#
#≈≈.≈≈.≈≈.≈.##########
#####≈≈.≈.≈.≈≈.#.##..##.P
##....≈≈≈...≈≈≈...........
#........s>.............).
##..P.≈≈≈@s.≈≈≈...#.###.P#
#..#.≈≈.≈.≈.≈≈....#.#..##
#....≈.≈≈.≈≈.≈...........
#..#..≈≈≈.≈≈≈.....P......
#..#...................#.
#..#.............P####..#
##..........#......###...P
#...........#.............
##....PP..#...............


You could see a wolf spider and a tarantella.

Vanquished Creatures
  Azrael (D:12)
  3 dire elephants (Lair:6)
  3 hydras
  A vault guard (D:14)
  An anaconda (shapeshifter) (D:15)
  An anaconda (Lair:6)
  A death yak (Lair:6)
  5 two-headed ogres
  3 ogre magi (Orc:2)
  A tengu warrior (D:14)
  The ghost of Syneil the Protected, a novice GnWn of Hepliaklqana (D:8)
  An unseen horror (D:12)
  A glowing orange brain (D:15)
  3 wizards (D:14)
  An orc knight (Orc:2)
  2 orc sorcerers (Orc:2)
  4 ugly things (D:15)
  A wolf spider (shapeshifter) (D:15)
  An oklob plant (Lair:4)
  A cyclops (D:12)
  7 elephants
  2 gargoyles (D:14)
  8 black mambas
  2 molten gargoyles (Lair:5)
  9 spiny frogs
  A yaktaur (D:14)
  A rime drake (Lair:1)
  7 komodo dragons
  A freezing wraith (D:15)
  A polar bear (Lair:6)
  A merfolk (Lair:3)
  2 trolls
  A raiju (shapeshifter) (D:15)
  A harpy skeleton (D:15)
  9 blink frogs
  6 slime creatures
  9 hippogriffs
  A wraith (D:15)
  Sigmund (D:6)
  2 shadows
  3 redbacks (Spider:1)
  3 wyverns
  A tarantella (Spider:1)
  5 spriggans (Lair:3)
  2 fire elementals (D:12)
  28 yaks
  A basilisk (shapeshifter) (D:13)
  4 basilisks
  A steam dragon (D:11)
  21 humans (D:14)
  2 hungry ghosts
  Menkaure (D:6)
  7 vampire mosquitoes
  A warg (D:11)
  Edmund (D:5)
  Duvessa (D:5)
  5 water moccasins
  9 porcupines
  3 ice beasts
  A black bear (D:10)
  A sky beast (D:6)
  4 orc warriors
  A phantom (D:5)
  10 ogres
  A boggart (D:15)
  6 wolves (Lair:3)
  7 centaurs
  12 crocodiles
  A big kobold (D:7)
  20 bullfrogs
  A wyvern skeleton (D:8)
  4 scorpions
  A water moccasin skeleton (D:6)
  27 killer bees
  A wight (D:11)
  4 electric eels
  3 howler monkeys
  A bullfrog zombie (D:5)
  7 crimson imps
  5 lava snakes (Lair:5)
  2 centaur zombies
  2 jellies
  4 bullfrog skeletons
  2 centaur skeletons
  6 orc priests
  Crazy Yiuf (D:5)
  11 hounds
  An iguana (D:5)
  18 orc wizards
  7 worker ants
  2 hound zombies
  A hound skeleton (D:4)
  7 adders
  4 shadow imps
  3 oozes
  An adder zombie (D:6)
  4 worms
  2 dart slugs
  3 leopard geckos
  31 orcs
  4 bats
  A giant cockroach (D:4)
  5 goblins
  7 hobgoblins
  8 jackals
  3 quokkas
  2 ball pythons
  6 frilled lizards
  9 kobolds
  A leopard gecko skeleton (D:5)
  5 rats
  A fungus (Lair:6)
  3 plants (Lair:6)
492 creatures vanquished.

Vanquished Creatures (collateral kills)
  An ogre mage (D:15)
  A hydra (Lair:2)
  5 two-headed ogres
  2 death yaks (Lair:6)
  An orb spider (Spider:1)
  3 wolf spiders (Spider:1)
  5 orc sorcerers (Orc:2)
  8 ugly things (D:15)
  3 oklob plants (Lair:2)
  An elephant (Lair:3)
  A black mamba (Lair:2)
  2 merfolk sirens (Lair:3)
  A gargoyle (D:12)
  2 spiny frogs
  2 komodo dragons
  A troll (D:12)
  A jumping spider (Spider:1)
  A merfolk (Lair:3)
  2 hippogriffs
  8 blink frogs
  4 slime creatures
  6 spriggans (Lair:3)
  3 tarantellas (Spider:1)
  7 redbacks
  2 basilisks
  16 yaks
  2 fire elementals (D:12)
  The ghost of Syneil the Skirmisher, an amateur GnWn of Hepliaklqana (D:3)
  A warg (D:11)
  A water moccasin (D:10)
  A sky beast (D:4)
  10 orc warriors
  2 porcupines
  An ice beast (D:8)
  A black bear (D:7)
  7 ogres
  2 wolves (Lair:3)
  2 crocodiles
  2 big kobolds
  2 bullfrogs
  A scorpion (D:14)
  Dowan (D:5)
  31 killer bees
  4 wights (D:11)
  5 howler monkeys
  A bullfrog zombie (D:9)
  A hound (D:4)
  3 jellies (D:8)
  4 orc priests
  3 worker ants
  18 orc wizards
  A hound skeleton (D:7)
  3 adders
  An adder zombie (D:9)
  3 oozes (D:8)
  51 orcs
  A giant cockroach (D:3)
  A hobgoblin (D:3)
  5 jackals
  9 kobolds
  A quokka (D:4)
  A ball python (D:3)
  6 plants
279 creatures vanquished.

Vanquished Creatures (others)
  An elephant (Lair:3)
  A yak (Lair:3)
  A centaur (D:15)
  An orc wizard (Orc:2)
  A ball python (D:3)
  21 fungi
  17 plants
  5 snaplasher vines
48 creatures vanquished.

Grand Total: 819 creatures vanquished

Notes
Turn   | Place    | Note
-------+----------+-------------------------------------------
     0 | D:1      | KristoblXynda the Draconian Summoner began the quest for the Orb.
     0 | D:1      | Reached XP level 1. HP: 14/14 MP: 3/3
   773 | D:1      | Reached XP level 2. HP: 7/20 MP: 5/5
  1450 | D:2      | Learned a level 2 spell: Call Imp
  1694 | D:2      | Reached XP level 3. HP: 9/26 MP: 3/6
  2683 | D:3      | Noticed Syneil's ghost (amateur GnWn)
  2924 | D:3      | Reached XP level 4. HP: 24/33 MP: 8/8
  2936 | D:3      | Killed Syneil's ghost
  2936 | D:3      | Reached XP level 5. HP: 25/38 MP: 3/9
  3096 | D:3      | Found a shadowy altar of Dithmenos.
  3194 | D:3      | Reached skill level 5 in Summonings
  3484 | D:4      | Noticed an ogre
  3511 | D:4      | Killed an ogre
  3511 | D:4      | Reached XP level 6. HP: 18/45 MP: 2/11
  3761 | D:4      | Noticed a sky beast
  3785 | D:4      | Killed a sky beast
  4058 | D:4      | Found a radiant altar of Vehumet.
  4447 | D:4      | Your scales start taking on an icy white colour.
  4447 | D:4      | Reached XP level 7. HP: 18/50 MP: 7/13
  4447 | D:4      | Gained mutation: Your flesh is cold resistant. (rC+) [White Draconian growth]
  4737 | D:4      | Reached skill level 1 in Short Blades
  4996 | D:4      | Reached skill level 6 in Summonings
  5578 | D:5      | Entered Level 5 of the Dungeon
  5578 | D:5      | Found Gus Vanko's Weapon Boutique.
  5705 | D:5      | Found Gauneru's Food Boutique.
  5778 | D:5      | Noticed Duvessa
  5779 | D:5      | Noticed Dowan
  5787 | D:5      | Killed Dowan
  5811 | D:5      | Killed Duvessa
  6070 | D:5      | Noticed Edmund
  6092 | D:5      | Reached skill level 5 in Fighting
  6092 | D:5      | Reached skill level 5 in Short Blades
  6092 | D:5      | Reached skill level 8 in Summonings
  6092 | D:5      | Reached XP level 8. HP: 34/70 MP: 8/18
  6107 | D:5      | Killed Edmund
  6351 | D:5      | Learned a level 4 spell: Summon Lightning Spire
  6545 | D:5      | Found a runed door.
  6549 | D:5      | Noticed Crazy Yiuf
  6564 | D:5      | Killed Crazy Yiuf
  7168 | D:5      | Reached XP level 9. HP: 68/75 MP: 19/19
  7228 | D:5      | Found Kuathrief's Distillery.
  7237 | D:5      | Bought 2 potions of might for 88 gold pieces
  7237 | D:5      | Bought a potion of heal wounds for 55 gold pieces
  7237 | D:5      | Gained mutation: You are agile. (Dex +2) [potion of mutation]
  7237 | D:5      | Gained mutation: You evolve. [potion of mutation]
  7237 | D:5      | Gained mutation: Your large and strong wings let you fly indefinitely. [potion of mutation]
  7237 | D:5      | Gained mutation: Your mind is acute. (Int +2) [potion of mutation]
  7614 | D:6      | Found a bloodstained altar of Trog.
  7751 | D:6      | Gained mutation: You are robust. (+10% HP) [evolution]
  8334 | D:6      | Found a staircase to the Ecumenical Temple.
  8396 | Temple   | Entered the Ecumenical Temple
  8531 | Temple   | Became a worshipper of Sif Muna the Loreminder
  8646 | D:6      | Noticed Menkaure
  8654 | D:6      | Killed Menkaure
  8762 | D:6      | Reached skill level 1 in Shields
  9069 | D:6      | Noticed Sigmund
  9088 | D:6      | Killed Sigmund
 10290 | D:7      | Reached skill level 9 in Summonings
 10705 | D:8      | Reached XP level 10. HP: 35/91 MP: 16/21
 10948 | D:8      | Reached * piety under Sif Muna
 10953 | D:8      | Found a sparkling altar of Nemelex Xobeh.
 11134 | D:8      | Noticed Syneil's ghost (novice GnWn)
 11257 | D:8      | Killed Syneil's ghost
 11741 | D:8      | Gained mutation: Your flesh is heat resistant. (rF+) [evolution]
 12688 | D:9      | Found a snail-covered altar of Cheibriados.
 12758 | D:9      | Found a stormy altar of Qazlal.
 12803 | D:9      | Found a hazy altar of Hepliaklqana.
 12920 | D:9      | Noticed a two-headed ogre
 12937 | D:9      | Killed a two-headed ogre
 12937 | D:9      | Reached ** piety under Sif Muna
 13616 | D:10     | Entered Level 10 of the Dungeon
 13623 | D:10     | Learned a level 3 spell: Confuse
 13663 | D:10     | Reached skill level 5 in Stealth
 13980 | D:10     | Noticed a two-headed ogre
 13997 | D:10     | Killed a two-headed ogre
 13997 | D:10     | Reached skill level 1 in Invocations
 14143 | D:10     | Reached XP level 11. HP: 70/97 MP: 23/23
 14868 | D:10     | Reached skill level 1 in Evocations
 14954 | D:10     | Reached skill level 10 in Summonings
 15561 | D:11     | Found a staircase to the Orcish Mines.
 15685 | D:11     | Reached skill level 1 in Hexes
 16179 | D:11     | Noticed a two-headed ogre
 16188 | D:11     | Killed a two-headed ogre
 16453 | D:11     | Found a staircase to the Lair.
 16662 | D:12     | Noticed a two-headed ogre
 16675 | D:12     | Killed a two-headed ogre
 17376 | D:12     | Killed an unseen horror
 17804 | D:12     | Learned a level 3 spell: Summon Guardian Golem
 17906 | D:12     | Reached *** piety under Sif Muna
 18801 | Lair:1   | Entered Level 1 of the Lair of Beasts
 19200 | Lair:1   | Reached skill level 5 in Invocations
 20210 | Lair:1   | Noticed a seven-headed hydra
 20227 | Lair:1   | Killed a seven-headed hydra
 20227 | Lair:1   | Reached XP level 12. HP: 61/105 MP: 22/24
 20720 | Lair:2   | Reached skill level 11 in Summonings
 20783 | Lair:2   | Noticed a six-headed hydra
 20832 | Lair:2   | Killed a six-headed hydra
 20832 | Lair:2   | Reached skill level 5 in Evocations
 21878 | Lair:2   | Found a hole to the Spider Nest.
 22253 | Lair:2   | Gained mutation: You are very robust. (+20% HP) [evolution]
 22429 | Lair:2   | Reached **** piety under Sif Muna
 22790 | Lair:3   | Noticed a six-headed hydra
 22801 | Lair:3   | Killed a six-headed hydra
 22813 | Lair:3   | Reached skill level 5 in Hexes
 24218 | Lair:3   | Found a staircase to the Shoals.
 24697 | Lair:3   | Reached ***** piety under Sif Muna
 25812 | Lair:3   | Noticed an eight-headed hydra
 25861 | Lair:3   | Identified Sif Muna's Catalogue of Supportive Black Secrets (Sif Muna gifted it to you on level 3 of the Lair of Beasts)
 25861 | Lair:3   | Received a gift from Sif Muna
 25885 | Lair:3   | Killed an eight-headed hydra
 26528 | Lair:4   | Reached XP level 13. HP: 74/128 MP: 20/26
 27087 | Lair:4   | Reached skill level 12 in Summonings
 27517 | Lair:4   | Reached skill level 10 in Spellcasting
 29696 | Lair:5   | Gained mutation: You have an increased reservoir of magic. (+10% MP) [evolution]
 29930 | Lair:6   | Entered Level 6 of the Lair of Beasts
 30276 | D:12     | Noticed Azrael
 30296 | D:12     | Killed Azrael
 30634 | D:13     | Found a stormy altar of Qazlal.
 31441 | D:13     | Learned a level 7 spell: Monstrous Menagerie
 32014 | D:14     | Found a white marble altar of Elyvilon.
 33247 | D:14     | Identified Gihaop Wikhu's Reference Book on Warped Confrontation (Sif Muna gifted it to you on level 14 of the Dungeon)
 33247 | D:14     | Received a gift from Sif Muna
 33354 | D:14     | Found a gate to the Vaults.
 33722 | D:15     | Entered Level 15 of the Dungeon
 33763 | D:15     | Reached XP level 14. HP: 138/138 MP: 31/31
 33906 | D:15     | Reached skill level 5 in Shields
 33909 | D:15     | Reached skill level 13 in Summonings
 34914 | D:15     | Found a sacrificial altar of Ru.
 34965 | D:15     | Found a portal to a secret trove of treasure.
 35502 | D:15     | Found a staircase to the Depths.
 35878 | Orc:1    | Entered Level 1 of the Orcish Mines
 36028 | Orc:1    | Found a roughly hewn altar of Beogh.
 36467 | Orc:2    | Entered Level 2 of the Orcish Mines
 36500 | Orc:2    | Found a staircase to the Elven Halls.
 37909 | Orc:2    | Paralysed by an orc sorcerer for 5 turns
 38260 | Orc:2    | Found Oviaxto's Distillery.
 38267 | Orc:2    | Bought 2 potions of curing for 90 gold pieces
 38323 | Orc:2    | Found an ancient bone altar of Kikubaaqudgha.
 38452 | Orc:2    | Gained mutation: You rapidly evolve. [evolution]
 38581 | Orc:2    | Found a radiant altar of Vehumet.
 38811 | Orc:2    | Found Goipt's Magic Scroll Shop.
 38811 | Orc:2    | Found Nedum's Antique Armour Boutique.
 38814 | Orc:2    | Found a roughly hewn altar of Beogh.
 38846 | Orc:2    | Received a gift from Sif Muna
 38857 | Orc:2    | Found Diowennyeca's Book Boutique.
 38859 | Orc:2    | Bought a runed buckler for 262 gold pieces
 38879 | Orc:2    | Bought a book of Clouds for 765 gold pieces
 38888 | Orc:2    | Bought a scroll of acquirement for 936 gold pieces
 38893 | Orc:2    | Got a pitted cloak
 38904 | Orc:2    | Identified the -1 cloak of Zim Pyi {rElec rC+ Int-4} (You acquired it on level 2 of the Orcish Mines)
 39084 | Lair:1   | Learned a level 5 spell: Summon Forest
 39091 | Lair:1   | Learned a level 6 spell: Freezing Cloud
 39168 | Lair:3   | Reached skill level 1 in Ice Magic
 39364 | Lair:3   | Identified the Volume of Freezing Bewitchment
 39720 | Lair:6   | Found a viscous altar of Jiyva.
 39720 | Lair:6   | Found a staircase to the Slime Pits.
 41801 | Lair:6   | Reached skill level 14 in Summonings
 42103 | Lair:6   | Found the +8 trident of the Octopus King {venom, rElec rPois MR+}
 42330 | Lair:6   | Lost mutation: Your mind is acute. (Int +2) [evolution]
 43042 | Spider:1 | Entered Level 1 of the Spider Nest
 43071 | Spider:1 | Reached XP level 15. HP: 57/145 MP: 5/34
 43125 | Lair:2   | Slain by a wolf spider

Vault maps used:
D:1:      dpeg_arrival_castle, kennysheep_boxes
D:2:      first_ration, wad_floor_pattern_untrapped
D:3:      grunt_dithmenos_smoke_and_mirrors, corexii_leaking_fountain,
          interstate_on_off, grunt_decor_fettered, grunt_ministairs_2
D:4:      vehumet_statue, hex_large, kennysheep_generic_room_4
D:5:      serial_shops, nicolae_shop_statue_plus, nicolae_shop_trees, shop,
          uniq_crazy_yiuf_cottage, uniq_edmund, uniq_duvessa
D:6:      minmay_temple_entry_poolview, trog_three_pillars_becter,
          uniq_menkaure, uniq_sigmund
D:8:      nemelex_xobeh_ov_fountains_minmay, hangedman_little_slice_of_home,
          serial_bayou_pond_c
D:9:      lemuel_round_altar, slow_altar_1, lemuel_crystal_altar
D:10:     serial_corexii_hall, corexii_hall_statues_u, corexii_hall_statues_u,
          corexii_hall_statues_i
D:11:     erik_lair_dragon, minmay_orc_entry_guard_dogs
D:12:     st_stairs_14, uniq_azrael
D:13:     nicolae_qazlal_style_of_elements
D:14:     grunt_vaults_entry_tiered, elyvilon_altar_4
D:15:     gammafunk_enter_depths_forms, nicolae_ru_the_path_less_chosen,
          enter_trove_2
Temple:   kb_temple_of_zot
Lair:1:   grunt_megastairs_4
Lair:2:   spider_nest_entry_a, disabler_island, serial_bayou_shore_a
Lair:3:   wad_woods_minihive, elwin_shoals_entry_stream, beast_lair_carwin_7,
          lemuel_fruit_tree
Lair:5:   cheibrodos_magma_flow, infiniplex_staircase_pool_2
Lair:6:   due_jungle_book, dpeg_slime_entry_enclosed_altar
Orc:1:    basic_altar
Orc:2:    kennysheep_orc_mage_school

Skill      XL: |  1  2  3  4  5  6  7  8  9 10 11 12 13 14 |
---------------+-------------------------------------------+-----
Dodging        | 2 3 4 6 7 8 |  8.0
Stealth        | 2 3 5 6 |  6.0
Spellcasting   | 3 4 6 7 8 9 10 12 | 12.2
Summonings     | 5 8 9 10 11 12 14 | 14.1
Short Blades   | 5 6 |  6.0
Fighting       | 5 6 8 |  8.0
Shields        | 2 4 7 |  7.1
Invocations    | 1 5 |  5.0
Evocations     | 4 5 |  5.0
Hexes          | 3 6 8 |  8.0
Ice Magic      | 4 |  4.5

Action                   |  1- 3 |  4- 6 |  7- 9 | 10-12 | 13-15 || total
-------------------------+-------+-------+-------+-------+-------++-------
Melee: Short sword       |   165 |   125 |   385 |       |       ||   675
       Dagger            |     4 |       |   143 |  1403 |  1502 ||  3052
       Tailslap          |    16 |    13 |    85 |   231 |   265 ||   610
       Staff             |       |       |       |       |     7 ||     7
 Cast: Call Imp          |     6 |    21 |    37 |     4 |       ||    68
       Summon Lightning  |       |       |     8 |    71 |    30 ||   109
       Confuse           |       |       |       |    17 |   204 ||   221
       Summon Guardian G |       |       |       |    12 |     1 ||    13
       Monstrous Menager |       |       |       |       |     9 ||     9
       Summon Forest     |       |       |       |       |     3 ||     3
Invok: Channel Magic     |       |       |       |       |     1 ||     1
       Divine Energy     |       |       |       |       |     1 ||     1
       Stop Divine Energ |       |       |       |       |     1 ||     1
 Abil: Breathe Frost     |       |       |    10 |    27 |    19 ||    56
Evoke: Wand              |       |       |       |     8 |     8 ||    16
       Phial of floods   |       |       |       |     1 |     3 ||     4
  Use: Scroll            |       |     4 |    14 |    20 |    18 ||    56
       Potion            |       |       |     6 |    10 |    11 ||    27
 Stab: Sleeping          |     7 |     9 |     3 |    15 |    12 ||    46
       Distracted        |       |     1 |     4 |    12 |    14 ||    31
       Confused          |       |       |       |    17 |   115 ||   132
  Eat: Chunk             |     5 |     3 |    14 |    20 |    28 ||    70
       Ration            |     1 |     1 |     2 |    11 |    10 ||    25
Armor: Skin              |    65 |    46 |   153 |   271 |   268 ||   803
Dodge: Dodged            |   124 |    93 |   346 |   918 |   751 ||  2232
Block: Buckler           |       |       |    41 |   431 |   417 ||   889
       Reflection        |       |       |       |     2 |     6 ||     8

Table legend:
 A = Spawn XP
 B = Non-spawn XP
 C = Spawn XP percentage of total XP
 D = Spawn monster count
 E = Non-spawn monster count
 F = Spawn count percentage of total count
 G = Total turns spent on level
                    A         B        C        D         E        F      G
               +---------+---------+-------+---------+---------+-------+---------
         Total |       0 |  103312 |   0.0 |       0 |     765 |   0.0 | 43125
               +---------+---------+-------+---------+---------+-------+---------
           D:1 |       0 |      31 |   0.0 |       0 |      16 |   0.0 |  1336
           D:2 |       0 |      34 |   0.0 |       0 |      16 |   0.0 |  1539
           D:3 |       0 |     194 |   0.0 |       0 |      26 |   0.0 |   599
           D:4 |       0 |     691 |   0.0 |       0 |      31 |   0.0 |  2104
           D:5 |       0 |     894 |   0.0 |       0 |      20 |   0.0 |  2013
           D:6 |       0 |    1406 |   0.0 |       0 |      24 |   0.0 |  1506
           D:7 |       0 |     908 |   0.0 |       0 |      43 |   0.0 |  1357
           D:8 |       0 |    2302 |   0.0 |       0 |      32 |   0.0 |  1776
           D:9 |       0 |    2152 |   0.0 |       0 |      37 |   0.0 |  1221
          D:10 |       0 |    2740 |   0.0 |       0 |      30 |   0.0 |  1621
          D:11 |       0 |    2817 |   0.0 |       0 |      41 |   0.0 |  1742
          D:12 |       0 |    5485 |   0.0 |       0 |      29 |   0.0 |  2238
          D:13 |       0 |    1509 |   0.0 |       0 |      15 |   0.0 |  1371
          D:14 |       0 |   10602 |   0.0 |       0 |      43 |   0.0 |  2014
          D:15 |       0 |   13969 |   0.0 |       0 |      47 |   0.0 |  2035
        Lair:1 |       0 |    3254 |   0.0 |       0 |      16 |   0.0 |  1910
        Lair:2 |       0 |    5492 |   0.0 |       0 |      26 |   0.0 |  3140
        Lair:3 |       0 |   12281 |   0.0 |       0 |      96 |   0.0 |  2996
        Lair:4 |       0 |    6036 |   0.0 |       0 |      25 |   0.0 |  1870
        Lair:5 |       0 |    6759 |   0.0 |       0 |      33 |   0.0 |  2204
        Lair:6 |       0 |   12775 |   0.0 |       0 |      33 |   0.0 |  3177
      Spider:1 |       0 |    3180 |   0.0 |       0 |      18 |   0.0 |    73
         Orc:1 |       0 |    1655 |   0.0 |       0 |      17 |   0.0 |   601
         Orc:2 |       0 |    6146 |   0.0 |       0 |      51 |   0.0 |  2517
               +---------+---------+-------+---------+---------+-------+---------
